 Dungeon Crawl Stone Soup version 0.16.2-2-g470672f (webtiles) character file.

164 monobi the Poker (level 5, -4/47 HPs)
             Began as a Minotaur Berserker on Sept 2, 2015.
             Was a Believer of Trog.
             Slain by Pikel
             ... wielding a +2 whip of flaming
              (9 damage)
             ... on level 4 of the Dungeon.
             The game lasted 00:11:34 (2797 turns).

monobi the Poker (Minotaur Berserker)               Turns: 2797, Time: 00:11:34

Health: -4/47      AC:  5    Str: 21    XL:     5   Next: 21%
Magic:  2/2        EV: 12    Int:  4    God:    Trog [**....]
Gold:   143        SH:  0    Dex: 11    Spells: 0 memorised, 4 levels left

rFire  . . .     SeeInvis .     o - -1 trident
rCold  . . .     Clarity  .     j - +0 ring mail
rNeg   . . .     SustAb   .     (no shield)
rPois  .         Gourm    .     (helmet restricted)
rElec  .         Spirit   .     (no cloak)
rCorr  .         Warding  .     (no gloves)
rMut   .         Stasis   .     (no boots)
MR     .....                    (no amulet)
Stlth  +.........               (no ring)
                                (no ring)

@: not resistant to hostile enchantments, very unstealthy
A: retaliatory headbutt, horns 2
a: Burn Spellbooks, Berserk, Trog's Hand, Renounce Religion


You were on level 4 of the Dungeon.
You worshipped Trog.
Trog was pleased with you.
You were near starving.

You visited 1 branch of the dungeon, and saw 4 of its levels.

You collected 143 gold pieces.

Inventory:

Hand weapons
 a - a +0 spear
 o - a -1 trident (weapon)
 q - a +0 club
Missiles
 u - 28 sling bullets
Armour
 j - a +0 ring mail (worn)
 p - a +0 ring mail
Magical staves
 k - an uncursed staff of energy {unknown}
Scrolls
 d - 4 scrolls of teleportation
 e - 2 scrolls of recharging
 f - 3 scrolls of identify
 i - a scroll of amnesia
 n - a scroll of enchant weapon
 t - a scroll of noise {unknown}
Potions
 b - a potion of mutation {unknown}
 r - 2 potions of brilliance {unknown}
Comestibles
 c - 2 bread rations
 g - 2 meat rations
 m - a chunk of flesh
 s - 3 fruits


   Skills:
 + Level 4.7 Fighting
 + Level 5.2 Polearms
 + Level 3.3 Armour
 + Level 3.3 Dodging
 + Level 0.1 Stealth


You had 4 spell levels left.
You didn't know any spells.

Dungeon Overview and Level Annotations

Branches:
Dungeon (4/15)
 Temple: D:4-7

Altars:

Annotations:
D:4 Pikel


Innate Abilities, Weirdness & Mutations

You reflexively headbutt those who attack you in melee.
You have a pair of horns on your head.


Message History

Pikel burns you.
* * * LOW HITPOINT WARNING * * *
Drink which item? (? for menu, Esc to quit)
You feel better. The slave completely misses you. You furiously retaliate!
You headbutt the slave. The slave hits you.
* * * LOW HITPOINT WARNING * * *
The slave closely misses you. You furiously retaliate!
You headbutt the slave, but do no damage.
You closely miss Pikel.
Pikel is lightly wounded.
Pikel hits you with a whip of flaming!
* * * LOW HITPOINT WARNING * * *
Pikel burns you.
* * * LOW HITPOINT WARNING * * *
The slave misses you. You furiously retaliate!
You headbutt the slave. You hit Pikel. Your headbutt misses Pikel.
Pikel is moderately wounded.
Pikel barely misses you. The slave barely misses you.
Pikel hits you with a whip of flaming!
You die...

###..## .........
##..## #..........
##..## ...........
##..## #...........
##..### #...........
#....### #..........
#......####.p........
#.....#....##p.....#
#........##.@Kp..####
#...#.....###p####
#.#####...# #.# ##
##### ###


You could see Pikel and 3 slaves.

Vanquished Creatures
  2 orc wizards (D:3)
  A killer bee zombie (D:3)
  3 adders (D:3)
  A worm (D:2)
  An ooze (D:2)
  4 orcs (D:3)
  2 giant cockroaches (D:3)
  6 hobgoblins
  3 jackals (D:1)
  9 kobolds
  A quokka (D:3)
  5 bats
  2 giant newts (D:2)
  9 goblins
  13 rats
62 creatures vanquished.

Notes
Turn   | Place    | Note
--------------------------------------------------------------
     0 | D:1      | monobi, the Minotaur Berserker, began the quest for the Orb.
     0 | D:1      | Reached XP level 1. HP: 19/19 MP: 1/1
    76 | D:1      | Reached XP level 2. HP: 16/27 MP: 1/1
   478 | D:1      | Reached skill level 4 in Fighting
  1053 | D:2      | Acquired Trog's second power
  1086 | D:2      | Reached XP level 3. HP: 23/33 MP: 2/2
  1857 | D:3      | Reached XP level 4. HP: 22/41 MP: 2/2
  1864 | D:3      | Reached skill level 5 in Polearms
  2137 | D:3      | Reached XP level 5. HP: 42/47 MP: 2/2
  2780 | D:4      | Noticed a slave
  2781 | D:4      | Noticed Pikel
  2782 | D:4      | Noticed a slave
  2782 | D:4      | Noticed a slave
  2784 | D:4      | Noticed a slave
  2797 | D:4      | Slain by Pikel

Action                   |  1- 3 |  4- 6 || total
-------------------------+-------+-------++-------
Melee: Spear             |   142 |    17 ||   159
       Trident           |       |    43 ||    43
  Use: Scroll            |       |     7 ||     7
       Potion            |       |     3 ||     3
  Eat: Chunk             |     3 |     1 ||     4
